Map: Cerulean Fall LE

Players

SoTaN

  • Race: Terran Terran
  • League: Platinum
  • Spawn Location: 1:00

ViBE - Winner!

  • Race: Zerg Zerg
  • League: Platinum
  • Spawn Location: 7:00

VOD

Have the link to the VOD?

Description

Time

  • Played on: Nov. 28, 2018, 9:11 p.m.
  • Length: 17:12
Show
View Real Time Build Order
Export as new Build Order

SoTaN Terran 

Build Orders: Mech 

Get SALT Encoding   

  12  0:02  SCV  
  13  0:18  SCV  
  13  0:19  Supply Depot  
  14  0:32  SCV, Refinery  
  15  0:47  SCV  
  15  0:48  Barracks  
  16  0:59  SCV  
  17  1:05  Refinery  
  17  1:11  SCV  
  18  1:25  SCV  
  19  1:37  Factory, SCV  
  20  1:41  Barracks Tech Lab  
  20  1:49  SCV, Supply Depot  
  22  2:01  SCV  
  22  2:13  SCV  
  23  2:30  Starport  
  26  2:44  Command Center  
  23  2:45  Barracks Reactor  
  23  2:50  Siege Tank  
  26  2:53  SCV  
  27  3:06  SCV, Supply Depot  
  31  3:35  Viking x2  
  31  3:40  Supply Depot  
  32  3:43  Siege Tank  
  35  3:53  Orbital Command  
  35  4:10  Viking  
  35  4:11  Viking  
  35  4:16  SCV  
  40  4:27  SCV  
  40  4:28  SCV  
  42  4:45  SCV x2  
  42  4:50  Refinery  
  42  4:51  Refinery  
  42  4:52  Supply Depot  
  44  5:07  Factory  
  44  5:10  Armory  
  44  5:11  Orbital Command  
  44  5:17  Hellion  
  46  5:49  Liberator x2  
  35  6:05  Orbital Command  
  35  6:14  Siege Tank  
  35  6:18  Factory Tech Lab  
  37  6:32  Command Center  
  37  6:35  Infernal Pre-Igniter  
  37  6:44  Thor  
  43  6:52  SCV x2  
  45  7:04  Viking, SCV x2  
  51  7:10  Siege Tank  
  52  7:16  SCV x2  
  52  7:20  Refinery  
  54  7:28  SCV x2  
  56  7:45  Factory  
  56  7:47  Factory  
  56  7:50  SCV x3  
  59  8:02  SCV x2  
  61  8:12  Supply Depot  
  61  8:19  Smart Servos  
  61  8:27  Starport  
  61  8:30  Factory Reactor  
  61  8:33  Factory Reactor  
  61  8:43  SCV x2  
  61  8:44  SCV, Refinery  
  64  8:54  Supply Depot  
  64  9:01  Factory  
  64  9:06  Starport Tech Lab  
  64  9:13  Hellion x4  
  64  9:15  Thor  
  78  9:29  Thor  
  84  9:33  SCV x2  
  84  9:34  SCV  
  87  9:46  Fusion Core  
  87  9:52  Supply Depot  
  87  9:54  Supply Depot x2  
  87  9:55  Factory Tech Lab  
  87  10:01  Hellion x2  
  87  10:02  Hellion x2  
  87  10:05  Thor  
  101  10:32  Thor  
  101  10:34  Hellion x3  
  115  10:35  Hellion  
  115  10:36  Hellion  
  117  10:47  Supply Depot  
  117  10:49  Supply Depot  
  117  10:53  Thor  
  105  11:15  Hellion x5  
  105  11:16  Hellion  
  103  11:36  Hellion x3  
  103  11:39  Thor  
  115  12:28  Liberator x3  
  107  12:49  Hellion x5  
  126  12:52  Hellion x2  
  130  13:14  Hellion  
  130  13:15  Hellion x5  
  130  13:16  Hellion  
  130  13:18  Liberator x2  
  150  13:43  Refinery  
  150  13:45  Terran Vehicle And Ship Armor Level 1  
  150  13:48  Refinery, Armory  
  150  13:50  Advanced Ballistics  
  150  13:52  Liberator  
  150  14:01  Liberator x2  
  159  14:26  Thor x2  
  159  14:28  Hellion  
  173  14:35  Hellion x3, Thor  
  173  14:36  SCV  
  186  14:48  SCV  
  186  14:49  Hellion  
  183  15:01  Orbital Command  
  183  15:09  SCV x2  
  183  15:10  Command Center  
  185  15:17  Liberator  
  185  15:18  Liberator x2  
  179  15:21  SCV  
  129  15:53  Hellion  
  115  16:00  Liberator x2  
  115  16:01  Liberator  
  95  16:27  Hellion x6  
  95  16:29  Hellion  
  103  16:48  Hellion  
  103  16:50  Hellion x5  
  103  16:51  Hellion  
Show
View Real Time Build Order
Export as new Build Order

ViBE Zerg - Winner!

Build Orders: Hatch First, Brood Lord Corruptor, Roach Hydra 

Get SALT Encoding   

  12  0:01  Drone  
  13  0:13  Overlord  
  13  0:17  Drone  
  14  0:31  Drone x2  
  16  0:37  Drone  
  17  0:54  Hatchery  
  16  1:01  Drone  
  17  1:12  Spawning Pool  
  17  1:13  Drone  
  17  1:17  Drone  
  18  1:21  Drone  
  19  1:31  Drone  
  20  1:35  Extractor  
  20  1:39  Drone  
  20  1:56  Overlord  
  20  1:59  Queen  
  22  2:06  Queen  
  24  2:09  Drone x2  
  26  2:15  Drone  
  26  2:17  Spine Crawler  
  26  2:23  Drone  
  26  2:24  Drone  
  26  2:28  Drone  
  29  2:35  Drone  
  30  2:38  Lair  
  30  2:40  Drone  
  30  2:43  Queen  
  33  2:49  Overlord  
  33  2:55  Drone x2  
  35  3:01  Drone  
  36  3:09  Evolution Chamber  
  36  3:10  Roach Warren, Drone x2  
  36  3:15  Drone x2  
  36  3:19  Drone  
  39  3:20  Drone  
  39  3:22  Drone  
  39  3:24  Drone  
  39  3:26  Drone  
  43  3:31  Drone  
  43  3:33  Overlord  
  44  3:36  Zerg Missile Weapons Level 1  
  44  3:40  Extractor x2  
  42  3:46  Overlord  
  42  3:50  Glial Reconstitution  
  42  3:52  Drone x3  
  42  3:53  Drone x2  
  42  3:55  Drone  
  48  4:10  Overlord  
  48  4:11  Roach x2  
  48  4:13  Roach  
  54  4:20  Roach x2  
  58  4:24  Spore Crawler x2  
  58  4:26  Overlord x3  
  56  4:45  Drone  
  57  4:46  Drone  
  57  4:52  Roach x4  
  66  4:59  Hatchery  
  65  5:03  Roach  
  65  5:04  Roach  
  69  5:10  Roach x2  
  73  5:14  Roach  
  73  5:15  Roach x4  
  83  5:22  Overlord  
  83  5:28  Overlord  
  83  5:29  Overlord  
  83  5:33  Hydralisk Den, Evolution Chamber  
  81  5:41  Overlord  
  81  5:42  Overlord x2  
  81  5:49  Drone x3  
  84  6:00  Zerg Missile Weapons Level 2  
  84  6:01  Zerg Ground Armor Level 1  
  84  6:04  Drone x5  
  78  6:08  Grooved Spines  
  73  6:13  Drone x3  
  73  6:15  Drone  
  69  6:20  Extractor, Drone x2  
  69  6:22  Overlord  
  58  6:31  Drone x4  
  62  6:39  Spore Crawler, Drone  
  62  6:40  Drone x3  
  65  6:49  Drone x3  
  65  6:53  Extractor x2  
  66  7:02  Drone x3  
  66  7:05  Drone  
  66  7:06  Infestation Pit, Drone  
  66  7:07  Drone  
  66  7:08  Roach x7  
  85  7:26  Drone x2  
  87  7:32  Roach x5  
  87  7:33  Overlord x3  
  87  7:34  Muscular Augments  
  97  7:40  Hatchery  
  97  7:41  Overlord  
  97  7:42  Overlord  
  96  7:47  Hive  
  96  7:48  Spire, Drone  
  96  8:01  Roach x8  
  112  8:07  Roach x4  
  112  8:11  Overlord  
  112  8:12  Overlord  
  120  8:17  Drone x5  
  120  8:19  Drone  
  126  8:22  Drone x3  
  126  8:25  Drone  
  130  8:36  Zerg Ground Armor Level 2  
  130  8:38  Hydralisk x5  
  140  8:45  Drone x2  
  140  8:46  Drone  
  140  8:47  Extractor, Spore Crawler  
  140  8:48  Extractor  
  140  8:51  Hydralisk x3  
  146  9:01  Greater Spire  
  146  9:02  Overlord  
  146  9:03  Overlord  
  146  9:04  Overlord  
  146  9:05  Hydralisk x2  
  146  9:09  Zerg Missile Weapons Level 3  
  150  9:26  Hydralisk x7  
  150  9:27  Hydralisk x2  
  150  9:28  Hydralisk  
  150  9:30  Hydralisk  
  172  9:32  Hydralisk  
  172  9:35  Overlord  
  172  9:37  Overlord  
  174  9:52  Hydralisk x5  
  176  9:53  Overlord  
  176  9:54  Overlord  
  176  9:59  Overseer  
  184  10:58  Corruptor  
  184  10:59  Corruptor x6  
  186  11:10  Corruptor  
  148  11:14  Zerg Flyer Armor Level 1  
  148  11:16  Zerg Ground Armor Level 3  
  102  11:26  Drone x3  
  102  11:29  Drone  
  102  11:30  Hatchery  
  105  11:36  Extractor, Spine Crawler  
  105  11:37  Spine Crawler, Drone x2  
  105  11:38  Extractor  
  105  11:39  Spore Crawler  
  102  11:41  Drone x2  
  102  11:42  Spine Crawler  
  102  11:43  Spine Crawler  
  102  11:48  Spine Crawler, Drone x2  
  102  11:50  Spine Crawler  
  102  11:52  Spine Crawler x2, Drone x2  
  102  11:53  Brood Lord x8  
  116  12:09  Corruptor x6  
  128  12:25  Spine Crawler  
  128  12:26  Drone x2  
  128  12:27  Spine Crawler  
  128  12:39  Corruptor x3  
  128  12:40  Corruptor x4  
  142  13:09  Hatchery  
  142  13:12  Drone x6  
  147  13:13  Extractor, Drone  
  147  13:16  Spore Crawler  
  147  13:17  Brood Lord, Extractor  
  147  13:18  Brood Lord x5, Spine Crawler  
  154  13:21  Corruptor  
  154  13:22  Spine Crawler  
  154  13:26  Zerg Flyer Weapons Level 1  
  155  13:42  Corruptor x5  
  155  13:47  Corruptor  
  167  14:09  Corruptor  
  167  14:10  Corruptor x5  
  167  14:12  Corruptor  
  181  14:35  Corruptor x6  
  193  14:57  Overseer x3  
  193  14:59  Corruptor x3  
  195  15:02  Drone  
  190  15:38  Hydralisk x3  
  190  15:39  Hydralisk x2  
  200  15:44  Hydralisk x2  
  200  15:46  Hydralisk x4  
  200  15:50  Hydralisk x2  
  200  15:52  Hydralisk x2  
  200  15:54  Hydralisk x2  
  200  15:55  Hydralisk x2  
  200  15:58  Hydralisk x2  
  200  16:00  Hydralisk x2  
  200  16:02  Hydralisk x2  
  200  16:07  Hydralisk x2  
  200  16:09  Hydralisk  
  194  16:11  Hydralisk  
  186  16:26  Roach x7  
Tags
 
Add a new tag
Caveats
  • Supply blocks, unpowered buildings, or Contaminate may cause inaccurate times.
  • Supply counts are checked every 10 seconds.